Mecha, lawful male human Samurai --- ------------------ --- --- |.|---|................|--------------|.----..---- |.|...|................|+)%|..|...|...|..........| |.|...-..--|--.........|%%(|..|...|...|..--.---- | --- |.|...|..|...|..-----..|...|..|-|---|--..||....| ----..| |.-----..|...|--|((.|..--|---|-...).....----...-- --`|...| |........|...|..|.@@-......)......-----..| |....| |....--- --|........|---|..|'(.|.....)--+-...|...|..----...--- |....| --.|.----...|(((|.------..{...| |...-...|...---.....| --.--- |....| +...|(((|.............| |...|...|.........|.- ---.-- --- --...| |...|...|-.-.....---|-------------.|.......|... |....----.-- |...----...--|-|..|..-|-|.........................--..- |..........------.....|........|..|..|..|----....---------..............| ---...................|..#.....----..|..|%%.-....|......||............- - --.--.....-.---.....|-....{........|..|%%.|....-...._.||...--...-....... ---|........|---...--..|....#.....--------....|......||.-----..........- ----.---....| -.......--.....................|---------- --.......>..- -....| --.--- |.....---...--------------------- ------......| |...--- --- |.....| ---..| ...|.-- ---- ----.-- |..| .---- --- ---- -- Mecha the Ninja Experience level: 6 Strength: 14 Dexterity: 15 Constitution: 18 Intelligence: 12 Wisdom: 9 Charisma: 8 Health: 0(65) Energy: 21(21) Def: 0 Gold: 282 Moves: 2271 Dungeon seed: LqTR7fZrhtZK3iUc Game ID: Mecha_1477764178 Your Inventory: Coins $ - 282 gold pieces Weapons a - a +0 katana b - a +0 wakizashi (alternate weapon; not wielded) c - a +0 yumi d - 26 +0 ya t - 4 cursed +0 arrows A - 7 +0 arrows Armor e - an uncursed +0 dwarvish cloak (being worn) Spellbooks v - an uncursed spellbook of detect food Tools k - an uncursed magic whistle p - 6 uncursed partly used tallow candles (0:177) x - an uncursed blindfold C - 4 uncursed tallow candles (0:200) E - a magic marker (0:68) G - an uncursed oil lamp (0:1064) (weapon in hand) Spells and supernatural/magical abilities: Name Level Category Fail Memory E - detect food 2 divination 100% 30% W - pray for help -- divine ? -- Your skills at the end: Fighting Skills martial arts [Basic] Weapon Skills short sword [Basic] long sword [Basic] bow [Basic] Spellcasting Skills Final Attributes: You were piously aligned. You saw invisible. You were telepathic. You were held by a rope golem. You were fast. You are dead. Vanquished creatures: a quivering blob a housecat a bugbear a rock piercer a rock mole a yellow light a shrieker 10 gnome lords a ghoul a straw golem a little dog a floating eye 2 dwarves an iguana an acid blob 2 coyotes 2 hobbits a giant rat 30 gnomes a gecko 2 jackals a fox a kobold a goblin 4 grid bugs 2 lichens 3 newts 75 creatures vanquished. Voluntary challenges: You used a wielded weapon 116 times, starting on turn 17. You read items or engraved 11 times, starting on turn 3. You never genocided any monsters. You never polymorphed an object. You never changed form. You used no wishes. You never split a pudding. You never wrote Elbereth's name. You never violated your personal moral code. Dungeon overview: The Dungeons of Doom: levels 1 to 3 Level 1 a sink a long staircase Level 2 an altar to Susanowo, a sink Level 3 stairs to The Gnomish Mines The Gnomish Mines: levels 4 to 7 Level 4 stairs to The Dungeons of Doom Level 5 Level 6 Level 7 <- You were here many shops, a temple to Susanowo, some fountains, some trees History has recorded: On T:1 you entered the Dungeons of Doom to retrieve the Amulet of Yendor! On T:318 you reached level 2 of The Dungeons of Doom. On T:521 you advanced to experience level 2. On T:649 you reached level 3 of The Dungeons of Doom. On T:831 you advanced to experience level 3. On T:932 you reached level 1 of The Gnomish Mines. On T:1040 you advanced to experience level 4. On T:1271 you reached level 2 of The Gnomish Mines. On T:1317 you advanced to experience level 5. On T:1605 you reached level 3 of The Gnomish Mines. On T:1799 you advanced to experience level 6. Score breakdown: Gold: 282 ( 8340 points) Experience: 6 levels (12456 points) Exploration: 7 levels ( 14.29%) (10606 points) Discoveries: 14 items ( 5.69%) ( 7156 points) Valuables value: (no points given unless you survive) Artifact value: 0 ( 0 points) Variety of kills: 27 monsters ( 7.09%) ( 7986 points) Turncount: 2271 turns ( -188 points) Survival: died (score multiplied by 80%) Total score: 37084 Latest messages: As you read the scroll, it disappears. You see here a leash (26 zorkmids). The rope golem hits! (2x) The rope golem grabs you! You cannot escape from the rope golem! a leash, price 26 zorkmids. The rope golem hits! (2x) You are being choked. You cannot escape from the rope golem! a leash, price 26 zorkmids, finest quality. The rope golem hits! (2x) You are being choked. You cannot escape from the rope golem! The rope golem hits! (2x) You are being choked. a leash, price 26 zorkmids. You cannot escape from the rope golem! a leash, price 26 zorkmids. The rope golem hits! (2x) You are being choked. You die... Rellenk gratefully inherits all your possessions. Final status: Sayonara Mecha the Samurai, killed by a rope golem... You died in The Gnomish Mines on dungeon level 7 with 37084 points, and 282 pieces of gold, after 2271 moves. You were level 6 with a maximum of 65 hit points when you died.